 Dungeon Crawl Stone Soup version 0.20-a0-681-gf83e07f (webtiles) character file.

70 polly the Slasher (level 4, -1/34 HPs)
             Began as a Demonspawn Gladiator on Feb 19, 2017.
             Killed from afar by Ijyb (20 damage)
             ... with a wand of lightning (?/15)
             ... on level 2 of the Dungeon.
             The game lasted 00:01:07 (639 turns).

polly the Slasher (Demonspawn Gladiator)             Turns: 639, Time: 00:01:08

Health: -1/34      AC:  4    Str: 12 (15) XL:     4   Next: 3%
Magic:  4/4        EV: 13    Int:  8 (9)  God:
Gold:   21         SH:  0    Dex: 16 (17) Spells: 3/3 levels left

rFire    . . .     SeeInvis .   a - +0 long sword
rCold    . . .     Gourm    .   b - +0 leather armour
rNeg     . . .     Faith    .   (no shield)
rPois    .         Spirit   .   c - +0 helmet
rElec    .         Reflect  .   (no cloak)
rCorr    .         Harm     .   (no gloves)
MR       .....                  (no boots)
Stlth    +.........             (no amulet)
Regen    0.2/turn               (no ring)
MPRegen  0.1/turn               (no ring)

@: confused, lethally poisoned (-1 -> -2)
A: thin skeletal structure 1, spiny 2
a: no special abilities


You were on level 2 of the Dungeon.
You were not hungry.

You visited 1 branch of the dungeon, and saw 2 of its levels.

You collected 21 gold pieces.

Inventory:

Hand Weapons
 a - a +0 long sword (weapon)
Missiles
 d - 3 throwing nets (quivered)
Armour
 b - a +0 leather armour (worn)
 c - a +0 helmet (worn)
Scrolls
 e - a scroll of identify {unknown}
 g - a scroll of recharging {unknown}
Potions
 j - a potion of heal wounds {unknown}
Comestibles
 f - a bread ration
 k - a royal jelly


   Skills:
 + Level 2.4 Fighting
 + Level 3.6 Long Blades
 + Level 2.0 Throwing
 + Level 0.3 Armour
 + Level 3.2 Dodging


You had 3 spell levels left.
You didn't know any spells.

Dungeon Overview and Level Annotations

Branches:
Dungeon (2/15)

Altars:

Annotations:
D:2 Ijyb


Innate Abilities, Weirdness & Mutations

You have a somewhat thin skeletal structure. (Dex +2, Stealth)
You are mostly covered in sharp spines.


Message History

* * * LOW HITPOINT WARNING * * *
It is a wand of lightning (?/15).
You are too injured to fight recklessly!
You are too injured to fight recklessly!
It was a potion of degeneration.
There was something very wrong with that liquid.
You feel weakened.
You feel dopey.
You feel clumsy.
You feel sick. Ijyb hits you but does no damage.
It was a potion of ambrosia.
You are confused.
You feel invigorated. Ijyb is struck by your spines.
Ijyb hits you with a dagger.
* * * LOW HITPOINT WARNING * * *
Okay, then.
You miss Ijyb.
Ijyb is severely wounded.
Ijyb misses you.
Ijyb zaps a wand.
The bolt of lightning hits you!
Ouch! That really hurt!
You die...

#<........##.
##...)....# .
##......####.##
#......#......
#..........#
#..........#
##.............
##......?....###
#...g%@...>..#
?.............!#
...............#
.................
...<.........####
<...########..#
.... #... .. ...


You could see Ijyb.

Vanquished Creatures
  Terence (D:2)
  An adder (D:2)
  An ooze (D:1)
  A worm (D:2)
  A leopard gecko (D:2)
  A giant cockroach (D:1)
  A goblin (D:1)
  2 hobgoblins
  6 jackals
  A kobold (D:2)
  5 bats
  A frilled lizard (D:1)
  6 rats
28 creatures vanquished.

Notes
Turn   | Place    | Note
-------+----------+-------------------------------------------
     0 | D:1      | polly the Demonspawn Gladiator began the quest for the Orb.
     0 | D:1      | Reached XP level 1. HP: 16/16 MP: 1/1
   180 | D:1      | Gained mutation: You are partially covered in sharp spines. [demonic ancestry]
   180 | D:1      | Reached XP level 2. HP: 18/22 MP: 2/2
   584 | D:2      | Noticed Terence
   592 | D:2      | Killed Terence
   592 | D:2      | Gained mutation: You are mostly covered in sharp spines. [demonic ancestry]
   592 | D:2      | Reached XP level 3. HP: 27/27 MP: 3/3
   623 | D:2      | Gained mutation: You have a somewhat thin skeletal structure. (Dex +2, Stealth) [demonic ancestry]
   623 | D:2      | Reached XP level 4. HP: 21/34 MP: 4/4
   628 | D:2      | Noticed Ijyb
   639 | D:2      | Killed from afar by Ijyb

Vault maps used:
D:1:      minmay_arrival_semitransparent
D:2:      kennysheep_six_static_rooms, chequers_temple_overflow_minitemple,
          makhleb_heckhound_becter, minmay_misc_feat_square, uniq_robin,
          uniq_iyjb, uniq_terence

Skill      XL: |  1  2 |
---------------+-------+-----
Long Blades    | 3 |  3.6
Dodging        | 3 |  3.2
Throwing       | 2 |  2.0
Fighting       | |  2.4
Armour         | |  0.3

Action                   |  1- 3 |  4- 6 || total
-------------------------+-------+-------++-------
Melee: Long sword        |    60 |     6 ||    66
  Use: Potion            |       |     2 ||     2
Armor: Leather armour    |    31 |       ||    31
Dodge: Dodged            |    68 |     4 ||    72
       Rpst.: Long sword |    26 |     1 ||    27
